 Dungeon Crawl Stone Soup version 0.27.1-3-gb3d3a73c9e (webtiles) character file.

Game seed: 5461100972648119374

116 barney the Changer (level 4, -1/35 HPs)
             Began as a Draconian Transmuter on Oct 6, 2021.
             Slain by Grinder (6 damage)
             ... on level 3 of the Dungeon.
             The game lasted 00:03:16 (4670 turns).

barney the Changer (Draconian Transmuter)           Turns: 4670, Time: 00:03:17

Health: -1/35      AC:  2    Str: 13    XL:     4   Next: 70%
Magic:  2/7        EV: 19    Int: 14    God:
Gold:   36         SH:  0    Dex: 16    Spells: 1/7 levels left

rFire    . . .     SeeInvis .     - Unarmed
rCold    . . .     Faith    .   (shield currently unavailable)
rNeg     . . .     Spirit   .   (armour unavailable)
rPois    x         Reflect  .   (helmet currently unavailable)
rElec    .         Harm     .   (cloak currently unavailable)
rCorr    .         Rampage  .   (gloves currently unavailable)
Will     .....                  (boots currently unavailable)
Stlth    +.........             j - amulet of regeneration
HPRegen  1.11/turn              (no ring)
MPRegen  0.10/turn              (no ring)

@: mighty, spider-form, attractive, flying
A: venomous fangs, AC +5, tiny, unfitting armour, (cold-blooded)
a: End Transformation


You were on level 3 of the Dungeon.
You were a venomous arachnid creature.
You visited 1 branch of the dungeon, and saw 3 of its levels.

You collected 161 gold pieces.
You spent 125 gold pieces at shops.

Inventory:

Hand Weapons
 k - a +0 dagger
Jewellery
 j - an amulet of regeneration (around neck)
Scrolls
 a - a scroll of teleportation {unknown}
 d - a scroll of magic mapping {unknown}
 e - a scroll of fog {unknown}
 f - 2 scrolls of identify {unknown}
 g - a scroll of enchant armour {unknown}
 i - 2 scrolls of enchant weapon {unknown}
 m - a scroll of vulnerability {unknown}
Potions
 h - a potion of flight


   Skills:
 - Level 1.1 Fighting
 - Level 1.7 Dodging
 - Level 3.0 Unarmed Combat
 - Level 2.0 Spellcasting
 + Level 5.0 Transmutations


You had one spell level left.
You knew the following spells:

 Your Spells              Type           Power      Damage    Failure   Level
a - Beastly Appendage     Tmut           30%        N/A       11%         1
b - Spider Form           Tmut/Pois      4%         N/A       47%         3
c - Wereblood             Tmut           15%        N/A       14%         2

Your spell library contained the following spells:

 Spells                   Type           Power      Damage    Failure   Level
 Ice Form                 Ice/Tmut       8%         N/A       82%         4


Dungeon Overview and Level Annotations

Branches:
Dungeon (3/15)

Altars:

Shops:
D:1 ([   D:3 (!*

Annotations:
D:3 Grinder


Innate Abilities, Weirdness & Mutations

You are a venomous arachnid creature.
You have poisonous fangs.
You are tiny and dextrous.
Your spellcasting is less reliable in this form.
Your armour is entirely melded.
You are incapable of wielding weapons or throwing items.
((Your plain brown scales are hard. (AC +5)))
You cannot fit into any form of body armour.
((You are cold-blooded and may be slowed by cold attacks.))


Message History

Your transformation is almost over.
Grinder blinks!
Grinder is pulled toward you! Grinder barely misses you.
You hit Grinder.
Grinder is lightly wounded.
Grinder blinks!
Grinder is pulled toward you! Grinder is pulled toward you!
Grinder gestures at you. You resist with significant effort.
You see here a metallic inky potion.
b - a metallic inky potion Your transformation has ended.
Grinder gestures at you. Pain shoots through your body!
It was a potion of might.
You feel very mighty all of a sudden. Grinder hits you!
You writhe in agony.
Unknown command.
Casting: Spider Form (quite dangerous; 26% risk of failure)
Confirm with . or Enter, or press ? or * to list all spells.
The spell is quite dangerous to cast (26% risk of failure)!
Continue anyway?
You turn into a venomous arachnid creature.
Grinder misses you.
Unknown command.
You bite Grinder!
Grinder is moderately wounded.
Grinder says, "I used to sell toenails on the black market."
Grinder hits you!
* * * LOW HITPOINT WARNING * * *
You barely miss Grinder.
Grinder is moderately wounded.
Grinder hits you but does no damage.
You bite Grinder!
Grinder is heavily wounded.
Grinder says, "I used to sell toenails on the black market."
Grinder hits you.
* * * LOW HITPOINT WARNING * * *
You writhe in agony.
You die...

.... .#. $.### ...#
###### ##########..#
#..... #.....=.##..#
#..... #....s...##.###
#.....
#...5##..##...###.....
#....##.....#.#.......
#......∩........#.....
#.......####....#.....
#...##..# #.....)).∩.
.....##..#......#####..
............###..## ##.
..........#### ##... #.


You could see Grinder.

Vanquished Creatures
  Terence (D:2)
  Robin (D:2)
  A gnoll (D:1)
  2 adders (D:2)
  A worm (D:2)
  A dart slug (D:1)
  2 orcs (D:3)
  2 endoplasms
  2 giant cockroaches (D:1)
  7 goblins
  5 hobgoblins
  2 jackals (D:1)
  2 quokkas
  3 ball pythons
  3 bats
  4 frilled lizards
  5 kobolds
  4 rats
48 creatures vanquished.

Notes
Turn   | Place    | Note
-------+----------+-------------------------------------------
     0 | D:1      | barney the Draconian Transmuter began the quest for the
                  | Orb.
     0 | D:1      | Reached XP level 1. HP: 16/16 MP: 3/3
   216 | D:1      | Found Izirpho's Antique Armour Boutique.
   304 | D:1      | Reached XP level 2. HP: 14/23 MP: 5/5
   617 | D:1      | Reached skill level 3 in Transmutations
   746 | D:1      | Found Kiyf's Weapon Shoppe.
  1493 | D:1      | Reached XP level 3. HP: 27/28 MP: 4/6
  1497 | D:1      | Learned a level 3 spell: Spider Form
  1500 | D:1      | Learned a level 2 spell: Wereblood
  1830 | D:2      | Found a faded altar of an unknown god.
  2364 | D:2      | Noticed Robin
  2371 | D:2      | Killed Robin
  2372 | D:2      | Reached skill level 4 in Transmutations
  3030 | D:2      | Reached XP level 4. HP: 30/35 MP: 5/7
  3429 | D:2      | Noticed Terence
  3440 | D:2      | Killed Terence
  4284 | D:3      | Found Cudalonei's Assorted Antiques.
  4287 | D:3      | Found Ironk's Distillery.
  4330 | D:3      | Reached skill level 5 in Transmutations
  4332 | D:3      | Bought a runed cameo amulet for 125 gold pieces
  4606 | D:3      | Found Pues's Antique Weapon Emporium.
  4646 | D:3      | Noticed Grinder
  4670 | D:3      | Slain by Grinder

Illustrated notes

Levels and vault maps discovered:
D:1:      minmay_arrival_open_corners, layout_basic, serial_shops, shop, shop
D:2:      layout_basic, shapermc_ecumenical_altar_gd, uniq_robin, uniq_terence
D:3:      layout_rooms, serial_shops, shop, shop, nicolae_square_shop,
          shop_statue, uniq_grinder

Skill      XL: |  1  2  3  4 |
---------------+-------------+-----
Transmutations | 3 4 5 |  5.0
Fighting       | |  1.1
Dodging        | |  1.7
Unarmed Combat | |  3.0
Spellcasting   | |  2.0

Action                   |  1- 3 |  4- 6 || total
-------------------------+-------+-------++-------
Melee: Unarmed           |   108 |    52 ||   160
       Kick              |    14 |     7 ||    21
       Tailslap          |     8 |     3 ||    11
       Headbutt          |    10 |     4 ||    14
       Punch             |     2 |       ||     2
 Cast: Beastly Appendage |    18 |     5 ||    23
       Spider Form       |     2 |     6 ||     8
  Use: Potion            |     2 |     5 ||     7
Armor: Skin              |    36 |     8 ||    44
Dodge: Dodged            |    90 |    34 ||   124
